 Dungeon Crawl Stone Soup version 0.29.1-12-g30fa7ad0bf (webtiles) character file.

Game seed: 2852995165402070280

1642 FexLirch the Sneak (level 8, -5/39 HPs)
             Began as a Vine Stalker Enchanter on Jan 10, 2023.
             Slain by an iguana (11 damage)
             ... on level 6 of the Dungeon.
             The game lasted 00:12:23 (5207 turns).

FexLirch the Sneak (Vine Stalker Enchanter)         Turns: 5207, Time: 00:12:24

Health: -5/39      AC:  3    Str: 11    XL:     8   Next: 99%
Magic:  0/12       EV: 12    Int: 17    God:
Gold:   213        SH:  0    Dex: 15    Spells: 3/11 levels left

rFire   . . .      SeeInvis .   a - +1 dagger
rCold   . . .      Faith    .   (no shield)
rNeg    . . .      Spirit   +   b - +0 robe
rPois   .          Reflect  .   (no helmet)
rElec   .          Harm     .   t - +0 cloak
rCorr   +          Rampage  .   (no gloves)
Will    +....                   (no boots)
Stlth   ++++......              F - amulet of the acrobat
HPRegen 0.93/turn               i - ring of resist corrosion
MPRegen 0.13/turn               q - ring of wizardry

@: invisible
A: fangs 3, regeneration 1, magic shield, antimagic bite, no potion heal 2
a: no special abilities


You were on level 6 of the Dungeon.
You visited 1 branch of the dungeon, and saw 6 of its levels.

You collected 213 gold pieces.

Inventory:

Hand Weapons
 a - a +1 dagger (weapon)
 A - a +1 short sword of speed
Armour
 b - a +0 robe (worn)
 t - a +0 cloak (worn)
 G - a +0 kite shield
Jewellery
 i - a ring of resist corrosion (left hand)
 q - a ring of wizardry (right hand)
 F - an amulet of the acrobat (around neck)
Wands
 s - a wand of flame (27)
 v - a wand of paralysis (15)
 J - a wand of digging (6)
Scrolls
 d - 2 scrolls of enchant weapon
 j - a scroll of poison {unknown}
 m - a scroll of teleportation
 n - a scroll of fog {unknown}
 o - a scroll of enchant armour {unknown}
 u - a scroll of magic mapping
 w - 2 scrolls of immolation
 y - 2 scrolls of fear
 B - a scroll of summoning {unknown}
 C - 2 scrolls of amnesia {unknown}
 E - a scroll of acquirement {unknown}
 H - a scroll of blinking {unknown}
 I - a scroll of brand weapon {unknown}
Potions
 e - 2 potions of lignification {unknown}
 f - 3 potions of ambrosia
 g - a potion of heal wounds {unknown}
 h - 2 potions of berserk rage {unknown}
 k - 3 potions of might {unknown}
 l - 2 potions of haste {unknown}
 p - a potion of cancellation {unknown}
 r - a potion of resistance {unknown}
 x - 2 potions of curing {unknown}
 z - 2 potions of mutation {unknown}
 D - a potion of brilliance {unknown}


   Skills:
 - Level 2.0 Fighting
 * Level 6.1 Short Blades
 - Level 1.5 Dodging
 + Level 7.2 Stealth
 - Level 2.3 Spellcasting
 + Level 5.6 Hexes
 + Level 4.4 Ice Magic


You had 3 spell levels left.
You knew the following spells:

 Your Spells              Type           Power      Damage    Failure   Level
a - Ensorcelled Hibernat  Hex/Ice        38%        N/A       1%          2
b - Confusing Touch       Hex            21%        N/A       2%          3
c - Tukima's Dance        Hex            21%        N/A       2%          3

Your spell library contained the following spells:

 Spells                   Type           Power      Damage    Failure   Level
 Dazzling Flash           Conj/Hex       22%        N/A       8%          3
 Fireball                 Conj/Fire      0%         3d3       87%         5
 Starburst                Conj/Fire      0%         6d3       100%        6
 Ignition                 Fire           0%         3d3       100%        8


Dungeon Overview and Level Annotations

Branches:
Dungeon (6/15)
 Temple: D:4-7

Altars:
The Shining One

Annotations:
D:5 1 transporter, FireHeadGirl's ghost, amateur DgAM


Innate Abilities, Weirdness & Mutations

You have razor-sharp teeth.
Your natural rate of healing is unusually fast.
When hurt, damage is shared between your health and your magic reserves.
Your bite disrupts and absorbs the magic of your enemies.
Potions cannot restore your health.


Message History

Unknown command.
You barely miss the orc. You bite the orc.
You kill the orc!
An orc comes into view. It is wielding a +0 club.
The iguana bites you! The orc completely misses you.
Things that are here:
a +0 hand axe; a +0 leather armour; an orc corpse The iguana attacks as you move away!
The iguana completely misses you.
Casting: Ensorcelled Hibernation (safe; 1% risk of failure)
Confirm with . or Enter, or press ? or * to list all spells.
Aiming: Ensorcelled Hibernation (safe; 1% risk of failure)
Press: ? - help, Shift-Dir - straight line, f/p - iguana
Aim: an iguana (chance to affect: 61%)
The iguana resists with significant effort.
An orc comes into view. It is wielding a +0 mace.
The iguana bites you.
Casting: Ensorcelled Hibernation (safe; 1% risk of failure)
Confirm with . or Enter, or press ? or * to list all spells.
You don't have enough magic to cast this spell.
Unknown command.
Unknown command.
The orc shouts! x2
You hit the iguana but do no damage. You bite the iguana, but do no damage.
You hear a shout!
The iguana bites you.
You hit the iguana but do no damage. You bite the iguana, but do no damage.
The iguana bites you.
You hit the iguana but do no damage.
Casting: Ensorcelled Hibernation (safe; 1% risk of failure)
Confirm with . or Enter, or press ? or * to list all spells.
Aiming: Ensorcelled Hibernation (safe; 1% risk of failure)
Press: ? - help, Shift-Dir - straight line, f/p - iguana
Aim: an iguana (chance to affect: 61%)
The iguana resists with significant effort.
The iguana bites you! The iguana attacks as you move away!
The iguana bites you!
* * * LOW HITPOINT WARNING * * *
You fade into invisibility!
The iguana bites you!
You die...

#.##....# ...
#.##....###.# #
#.##........# #.
#........#
###.####.##.#.#
......)..##.# #
....o.###...#.#
####.#. #[....#
..$..#.###@#####
......oool##
#########.# ..#
##.# #.# #.# #.#
#.#


You could see an iguana (unable to see you) and 3 orcs.

Vanquished Creatures
  Sigmund (D:3)
  3 yaks (D:6)
  A black bear (D:4)
  An ogre (D:6)
  Blork the orc (D:6)
  2 bullfrogs
  2 scorpions
  3 killer bees (D:6)
  Crazy Yiuf (D:2)
  3 hounds
  An iguana (D:6)
  2 orc wizards
  Robin (D:3)
  4 gnolls (D:5)
  8 adders
  An ufetubus (D:6)
  A worm (D:2)
  The ghost of Dvallin the Sneak, a weakling HODe (D:4)
  6 dart slugs
  21 orcs
  5 bats
  9 endoplasms
  4 giant cockroaches
  12 goblins
  6 hobgoblins
  7 jackals
  3 kobolds
  A quokka (D:3)
  9 ball pythons
  6 frilled lizards
  3 rats
129 creatures vanquished.

Notes
Turn   | Place    | Note
-------+----------+-------------------------------------------
     0 | D:1      | FexLirch the Vine Stalker Enchanter began the quest for the
                  | Orb.
     0 | D:1      | Reached XP level 1. HP: 9/9 MP: 4/4
    78 | D:1      | Reached skill level 1 in Short Blades
   447 | D:1      | Reached XP level 2. HP: 6/14 MP: 4/6
   686 | D:1      | Learned a level 2 spell: Ensorcelled Hibernation
  1235 | D:2      | Reached skill level 4 in Stealth
  1235 | D:2      | Reached XP level 3. HP: 17/17 MP: 7/7
  1517 | D:2      | Reached skill level 1 in Fighting
  1594 | D:2      | Gained mutation: Your natural rate of healing is unusually
                  | fast. [Vine Stalker growth]
  1594 | D:2      | Reached XP level 4. HP: 22/22 MP: 8/8
  1755 | D:2      | Reached skill level 1 in Ice Magic
  1871 | D:2      | Found a runed translucent door.
  1878 | D:2      | Learned a level 3 spell: Confusing Touch
  1879 | D:2      | Noticed Crazy Yiuf
  2130 | D:2      | Killed Crazy Yiuf
  2244 | D:3      | Noticed Robin
  2436 | D:3      | Reached XP level 5. HP: 23/25 MP: 4/9
  2547 | D:3      | Killed Robin
  2614 | D:3      | Noticed Sigmund
  2624 | D:3      | Killed Sigmund
  2625 | D:3      | Reached XP level 6. HP: 30/30 MP: 5/10
  2660 | D:3      | Found a glowing golden altar of the Shining One.
  2814 | D:3      | Reached skill level 5 in Stealth
  2969 | D:3      | Learned a level 3 spell: Tukima's Dance
  3103 | D:4      | Found a runed translucent door.
  3116 | D:4      | Noticed Dvallin's ghost (weakling HODe)
  3220 | D:4      | Noticed a black bear
  3368 | D:4      | Killed a black bear
  3369 | D:4      | Reached XP level 7. HP: 22/35 MP: 1/11
  3834 | D:4      | Killed Dvallin's ghost
  3855 | D:5      | Entered Level 5 of the Dungeon
  4184 | D:5      | Found a transporter.
  4187 | D:5      | Noticed FireHeadGirl's ghost (amateur DgAM)
  4534 | D:5      | Reached skill level 6 in Stealth
  4626 | D:5      | Identified the +3 mace of Embarrassment {flame, rF+ rN+
                  | Dex+4}
  4772 | D:5      | Gained mutation: You have razor-sharp teeth. [Vine Stalker
                  | growth]
  4772 | D:5      | Reached XP level 8. HP: 39/39 MP: 12/12
  4962 | D:6      | Reached skill level 5 in Short Blades
  4971 | D:6      | Reached skill level 5 in Hexes
  5083 | D:6      | Noticed a yak
  5083 | D:6      | Noticed a yak
  5085 | D:6      | Noticed a yak
  5090 | D:6      | Killed a yak
  5093 | D:6      | Killed a yak
  5096 | D:6      | Killed a yak
  5097 | D:6      | Reached skill level 7 in Stealth
  5174 | D:6      | Noticed Blork the orc
  5179 | D:6      | Killed Blork the orc
  5207 | D:6      | Slain by an iguana

Illustrated notes

Levels and vault maps discovered:
D:1:      giann_horns, layout_loops_ring, st_stairs_6
D:2:      layout_basic, uniq_crazy_yiuf_cottage
D:3:      layout_basic, lemuel_tele_altar, uniq_sigmund, uniq_robin
D:4:      layout_rooms, ebering_ghost_reflecting_pool
D:5:      layout_loops_corners, gammafunk_ghost_mausoleum, serial_rivers,
          chequers_serial_rivers_room_a, chequers_serial_rivers_small_b,
          chequers_serial_rivers_micro_c, chequers_serial_rivers_micro_c
D:6:      layout_loops_ring, uniq_duvessa, uniq_blork_the_orc

Skill      XL: |  1  2  3  4  5  6  7  8 |
---------------+-------------------------+-----
Short Blades   | 1 2 3 4 6 |  6.1
Stealth        | 4 5 6 7 |  7.2
Fighting       | 1 2 |  2.0
Ice Magic      | 1 2 3 4 |  4.4
Hexes          | 4 5 |  5.6
Dodging        | |  1.5
Spellcasting   | |  2.3

Action                   |  1- 3 |  4- 6 |  7- 9 || total
-------------------------+-------+-------+-------++-------
Melee: Dagger            |    63 |   171 |     9 ||   243
       Bite              |    13 |    48 |    28 ||    89
       Punch             |     1 |     1 |     1 ||     3
       Short sword       |       |     5 |    87 ||    92
 Cast: Ensorcelled Hiber |     5 |    32 |    37 ||    74
       Confusing Touch   |       |       |     1 ||     1
  Use: Scroll            |       |     1 |     7 ||     8
       Potion            |       |       |     2 ||     2
 Stab: Sleeping          |    14 |    21 |    27 ||    62
       Confused          |       |       |     1 ||     1
Armor: Robe              |    19 |    36 |    13 ||    68
Dodge: Dodged            |    29 |   103 |    42 ||   174
